 Dungeon Crawl Stone Soup version 0.26-a0-491-g70697cc071 (webtiles) character file.

Game seed: 8040315116308671730

10 MrRokkomies the Ducker (level 2, -1/14 HPs)
             Began as a Felid Chaos Knight on Aug 5, 2020.
             Was a Plaything of Xom.
             Slain by a hobgoblin
             ... wielding a +0 club
              (4 damage)
             ... on level 1 of the Dungeon.
             The game lasted 00:00:23 (208 turns).

MrRokkomies the Ducker (Felid Chaos Knight)          Turns: 208, Time: 00:00:24

Health: -1/14      AC:  1    Str:  8    XL:     2   Next: 10%
Magic:  3/3        EV: 18    Int: 13    God:    Xom [..*...]
Gold:   0          SH:  0    Dex: 15    Spells: 1/1 levels left
                                        Lives:  0   Deaths: 0

rFire    . . .     SeeInvis +     - Unarmed
rCold    . . .     Faith    .   (shield unavailable)
rNeg     . . .     Spirit   .   (armour unavailable)
rPois    .         Reflect  .   (helmet unavailable)
rElec    .         Harm     .   (cloak unavailable)
rCorr    .                      (gloves unavailable)
MR       .....                  (boots unavailable)
Stlth    ++........             (no amulet)
HPRegen  0.04/turn              (no ring)
MPRegen  0.08/turn              (no ring)

@: quick
A: very small, no armour, no weapons or thrown items, stealth, claws 1, fangs 3,
see invisible, speed 1, shaggy fur 1, sharp paws
a: Renounce Religion


You were on level 1 of the Dungeon.
You worshipped Xom.
You were a toy of Xom.
You visited 1 branch of the dungeon, and saw 1 of its levels.

Inventory:

Scrolls
 a - a scroll of fear {unknown}
 b - a scroll of identify {unknown}
Potions
 c - a potion of brilliance {unknown}


   Skills:
 + Level 3.1 Fighting
 * Level 3.5 Dodging
 + Level 0.9 Stealth
 * Level 3.2 Unarmed Combat


You had one spell level left.
You didn't know any spells.
Your spell library was empty.

Dungeon Overview and Level Annotations

Branches:
Dungeon (1/15)

Altars:


Innate Abilities, Weirdness & Mutations

You cannot wear armour.
You are incapable of wielding weapons or throwing items.
Your paws allow you to move quietly. (Stealth)
You have sharp claws.
You have razor-sharp teeth.
You have supernaturally acute eyesight. (SInv)
You cover ground quickly.
You are covered in fur. (AC +1)
Your sharp claws are effective at attacking unaware monsters.


Message History

You barely miss the hobgoblin.
The hobgoblin is severely wounded.
The bat hits you but does no damage. x2; The hobgoblin hits you with a +0 club.
You closely miss the hobgoblin.
The hobgoblin is severely wounded.
The bat misses you. The hobgoblin closely misses you.
The hobgoblin hits you with a +0 club.
You are too injured to fight recklessly!
You are too injured to fight recklessly!
You are too injured to fight recklessly!
The bat closely misses you. The hobgoblin hits you with a +0 club.
* * * LOW HITPOINT WARNING * * *
You scratch the bat.
You kill the bat!
You scratch the hobgoblin but do no damage.
Your bite misses the hobgoblin.
The hobgoblin is severely wounded.
The hobgoblin hits you with a +0 club.
You die... "I guess I need a new plaything now."

###.......#.......#...#.#
#.................#†#.#.#
#........#........#.#.#.#
#.............#...#.#.#..
#.............#...#.#.###
#....†.##.#+#.#...#.#.# #
#......##.#.#.###.#.#.# #
#......##.#.#.###.#.#.# #
#.....gg@$........#.#.# #
##....#####.#.........###
#.#.# #.#.......#....
#... #.#.###.#.#.### #...
#.#.#.......... #...
..#.#.#.#.#.#.# #..
###.#.#...#.#.. #..
#...#.#.# +.. #...#....


You could see 2 hobgoblins.

Vanquished Creatures
  An ooze (D:1)
  A leopard gecko (D:1)
  A hobgoblin (D:1)
  2 bats (D:1)
  A rat (D:1)
6 creatures vanquished.

Notes
Turn   | Place    | Note
-------+----------+-------------------------------------------
     0 | D:1      | MrRokkomies the Felid Chaos Knight began the quest for the
                  | Orb.
     0 | D:1      | Reached XP level 1. HP: 10/10 MP: 2/2
   147 | D:1      | Reached XP level 2. HP: 14/14 MP: 3/3
   208 | D:1      | Slain by a hobgoblin

Illustrated notes

Levels and vault maps discovered:
D:1:      lightli_arrival_windingriver, layout_basic

Action                   || total
-------------------------++-------
Melee: Unarmed           ||    21
       Bite              ||     1
Armor: Skin              ||     2
Dodge: Dodged            ||    26

Table legend: (Time is in decaauts)
 A = Elapsed time spent in this place.
 B = Non-inter-level travel time spent in this place.
 C = Inter-level travel time spent in this place.
 D = Time resting spent in this place.
 E = Time spent auto-exploring this place.
 F = Levels seen in this place.
 G = Mean time per level.
                   A        B        C        D        E       F      G
               +--------+--------+--------+--------+--------+-----+--------+
         Total |    182 |    182 |      0 |      0 |    141 |   1 |  182.0 |
       Dungeon |    182 |    182 |      0 |      0 |    141 |   1 |  182.0 |
               +--------+--------+--------+--------+--------+-----+--------+

Top non-repeatable levels by time:
     D:1: 182 daAuts
